 Dungeon Crawl Stone Soup version 0.26.1-11-gd32895ea62 (webtiles) character file.

Game seed: 5746562785494253714

63 Zeld the Charlatan (level 4, 0/29 HPs)
             Began as an Octopode Artificer on May 16, 2021.
             Slain by a quokka (4 damage)
             ... on level 3 of the Dungeon.
             The game lasted 00:03:17 (2788 turns).

Zeld the Charlatan (Octopode Artificer)             Turns: 2788, Time: 00:03:17

Health: 0/29       AC:  1    Str: 12    XL:     4   Next: 9%
Magic:  4/4        EV: 14    Int: 13    God:
Gold:   121        SH:  0    Dex: 12    Spells: 3/3 levels left

rFire    . . .     SeeInvis .   a - +0 club
rCold    . . .     Faith    .   (no shield)
rNeg     . . .     Spirit   .   (helmet restricted)
rPois    .         Reflect  .   (no amulet)
rElec    .         Harm     .   (no ring)
rCorr    .         Rampage  .   (no ring)
Will     .....                  (no ring)
Stlth    +++.......             (no ring)
HPRegen  0.09/turn              (no ring)
MPRegen  0.09/turn              (no ring)
                                (no ring)
                                (no ring)

@: no status effects
A: almost no armour, stealthy swim, amphibious, 8 rings, constrict 8, camouflage
1, gelatinous body 1
a: no special abilities


You were on level 3 of the Dungeon.
You visited 1 branch of the dungeon, and saw 3 of its levels.

You collected 121 gold pieces.

Inventory:

Hand Weapons
 a - a +0 club (weapon)
Wands
 b - a wand of flame (14) (quivered)
 c - a wand of enslavement (14)
 d - a wand of random effects (14)
Scrolls
 e - 2 scrolls of random uselessness {unknown}
 f - 5 scrolls of identify {unknown}
 h - 2 scrolls of noise {unknown}
 i - 2 scrolls of teleportation {unknown}
 j - a scroll of amnesia {unknown}
 k - 2 scrolls of remove curse {unknown}
 l - a scroll of blinking {unknown}
 n - a scroll of fog {unknown}
 o - a scroll of magic mapping {unknown}
Potions
 g - 2 potions of brilliance {unknown}
 m - a potion of cancellation {unknown}


   Skills:
 + Level 1.7 Fighting
 * Level 1.8 Maces & Flails
 + Level 2.7 Dodging
 - Level 1.3 Stealth
 * Level 4.1 Evocations


You had 3 spell levels left.
You didn't know any spells.
Your spell library was empty.

Dungeon Overview and Level Annotations

Branches:
Dungeon (3/15)

Altars:
Xom

Annotations:
D:2 2 transporters


Innate Abilities, Weirdness & Mutations

You cannot wear most types of armour.
You are very stealthy in the water. (Stealth+)
You are amphibious.
You can wear up to eight rings at the same time.
You can use your tentacles to constrict eight enemies at once.
Your skin changes colour to match your surroundings (Stealth+).
Your rubbery body absorbs attacks. (AC +1, EV +1)


Message History

Aim: an orc, wielding a +0 hand axe and wearing a +0 ring mail The fireball explodes!
The fireball engulfs the orc.
The orc is moderately wounded.
The orc is engulfed in a cloud of scalding steam.
Unknown command.
There are monsters nearby!
There are monsters nearby!
There are monsters nearby!
Things that are here:
a giant cockroach corpse; a jackal corpse The orc is engulfed in a cloud of scalding steam.
You kill the orc!
You hear a splash. x2
Things that are here:
a giant cockroach corpse; a jackal corpse An orc comes into view.
It is wielding a +0 hand axe.
A quokka comes into view.
The quokka twitches its whiskers.
The quokka bites you.
You die...

.h....#.##............#
......#..#≈...........#
.....##..≈..###.<....#
#[...#≈.≈).........
.#....≈...........#
#....≈o..#.......#
#....≈o.)........#
#r†.#≈#####......#
#@..### ######## #####


You could see 2 orcs and a quokka.

Vanquished Creatures
  An adder (D:2)
  A worm (D:2)
  2 leopard geckos
  2 orcs (D:3)
  3 giant cockroaches
  4 goblins
  7 hobgoblins
  3 jackals (D:3)
  A quokka (D:2)
  3 bats (D:1)
  5 frilled lizards
  6 kobolds
  5 rats
43 creatures vanquished.

Notes
Turn   | Place    | Note
-------+----------+-------------------------------------------
     0 | D:1      | Zeld the Octopode Artificer began the quest for the Orb.
     0 | D:1      | Reached XP level 1. HP: 13/13 MP: 1/1
   643 | D:1      | Reached XP level 2. HP: 18/18 MP: 2/2
   932 | D:1      | Reached skill level 1 in Maces & Flails
  1324 | D:1      | Reached XP level 3. HP: 23/23 MP: 3/3
  1577 | D:2      | Found a transporter.
  1583 | D:2      | Noticed a bullfrog
  1922 | D:2      | Found a shimmering altar of Xom.
  1932 | D:2      | Found a transporter.
  2104 | D:2      | Reached skill level 4 in Evocations
  2772 | D:3      | Reached XP level 4. HP: 3/29 MP: 4/4
  2788 | D:3      | Slain by a quokka

Illustrated notes

Levels and vault maps discovered:
D:1:      heliophobic_arrival_dark_side_of_the_moon, layout_loops_ring,
          hangedman_feature_mirror
D:2:      layout_basic, gammafunk_temple_overflow_arena
D:3:      layout_rooms, tso_altar, serial_rivers,
          chequers_serial_rivers_micro_e, chequers_serial_rivers_micro_e,
          chequers_serial_rivers_room_b, chequers_serial_rivers_micro_c,
          gammafunk_ghost_cemetery, minmay_misc_feat_plants, grunt_decor_cap,
          minivault_5

Skill      XL: |  1  2  3 |
---------------+----------+-----
Maces & Flails | 1 |  1.8
Evocations     | 4 |  4.1
Fighting       | |  1.7
Dodging        | |  2.7
Stealth        | |  1.3

Action                   |  1- 3 |  4- 6 || total
-------------------------+-------+-------++-------
Melee: Club              |    88 |     3 ||    91
       Constrict         |    31 |     1 ||    32
       Tentacles         |    17 |     2 ||    19
Evoke: Wand              |     1 |     2 ||     3
 Stab: Sleeping          |    11 |       ||    11
Armor: Skin              |    12 |       ||    12
Dodge: Dodged            |    80 |     4 ||    84
